 Dungeon Crawl Stone Soup version 0.18-a0-1347-gb9e2fb4 (webtiles) character file.

175 Gorice the Magician (level 5, 0/28 HPs)
             Began as a Deep Elf Wanderer on Feb 17, 2016.
             Was an Initiate of Sif Muna.
             Slain by a gnoll
             ... wielding a +0 spear
              (5 damage)
             ... on level 3 of the Dungeon.
             The game lasted 00:19:36 (4101 turns).

Gorice the Magician (Deep Elf Wanderer)             Turns: 4101, Time: 00:19:37

Health: 0/28       AC:  5    Str:  8    XL:     5   Next: 29%
Magic:  11/15      EV:  5    Int: 18    God:    Sif Muna [......]
Gold:   106        SH:  0    Dex: 15    Spells: 3 memorised, 10 levels left

rFire  . . .     SeeInvis .     a - +0 rapier
rCold  . . .     Gourm    .     o - +0 leather armour
rNeg   . . .     Faith    .     (no shield)
rPois  .         Spirit   .     (no helmet)
rElec  .         Dismiss  .     (no cloak)
rCorr  .         Reflect  .     (no gloves)
SustAt .         Harm     .     u - +1 pair of boots
MR     .....                    (no amulet)
Stlth  +.........               (no ring)
                                (no ring)

@: repel missiles, not resistant to hostile enchantments, very unstealthy
A: no striking features
a: Renounce Religion


You were on level 3 of the Dungeon.
You worshipped Sif Muna.
Sif Muna was noncommittal.
You were not hungry.

You visited 1 branch of the dungeon, and saw 4 of its levels.

You collected 106 gold pieces.

Inventory:

Hand Weapons
 a - a +0 rapier (weapon)
 r - a +0 dagger
Missiles
 p - 12 sling bullets
 t - 6 sling bullets of frost
 Z - 30 stones (quivered)
Armour
 d - a +0 robe
 o - a +0 leather armour (worn)
 u - a +1 pair of boots (worn)
Scrolls
 j - a scroll of identify
 m - a scroll of fear {!r}
Potions
 g - 2 potions of curing
 k - 3 potions of berserk rage
 l - a potion of haste {!q}
 q - a potion of resistance {!q}
Books
 b - Sif Muna's Papyrus of the Mountains

   Spells                             Type                      Level
   a - Sandblast                      Earth                        1
   b - Passwall                       Transmutation/Earth          2
 c - Gungidaph's Volume of Aerial Attacks

   Spells                             Type                      Level
   a - Shock                          Conjuration/Air              1
   b - Static Discharge               Conjuration/Air              3
 e - a book of Minor Magic
Comestibles
 f - a bread ration {!e}
 h - a royal jelly
 i - 4 chunks of flesh
 v - 3 fruits


   Skills:
 + Level 5.5 Spellcasting
 * Level 3.5 Conjurations
 * Level 3.0 Summonings
   Level 1.2 Necromancy
 - Level 3.0 Air Magic
   Level 1.1 Poison Magic
   Level 2.1 Evocations


You had 10 spell levels left.
You knew the following spells:

 Your Spells              Type           Power        Failure   Level  Hunger
a - Magic Dart            Conj           ###.         6%          1    None
b - Call Imp              Summ           ###.....     12%         2    #......
M - Repel Missiles        Chrm/Air       ##....       17%         2    #......


Dungeon Overview and Level Annotations

Branches:
Dungeon (4/15)
 Temple: D:4-7

Altars:
Cheibriados
Dithmenos
Nemelex Xobeh
Okawaru
Sif Muna
The Shining One


Message History

Casting: Call Imp
Confirm with . or Enter, or press ? or * to list all spells.
Aiming: Magic Dart
Press: ? - help, Shift-Dir - straight line, f - gnoll
Aim: a gnoll, wielding a spear The magic dart hits the gnoll.
The gnoll is lightly wounded.
The gnoll hits you with a spear.
Damage: 1 (max 6)
Casting: Magic Dart
Confirm with . or Enter, or press ? or * to list all spells.
Aiming: Magic Dart
Press: ? - help, Shift-Dir - straight line, f/p - gnoll
Aim: a gnoll, wielding a spear (lightly wounded)
The magic dart hits the gnoll.
The gnoll is moderately wounded.
The gnoll hits you but does no damage.
Casting: Magic Dart
Confirm with . or Enter, or press ? or * to list all spells.
Aiming: Magic Dart
Press: ? - help, Shift-Dir - straight line, f/p - gnoll
Aim: a gnoll, wielding a spear (moderately wounded)
The magic dart hits the gnoll.
The gnoll is heavily wounded.
The gnoll hits you with a spear.
Damage: 5 (max 6)
Casting: Magic Dart
Confirm with . or Enter, or press ? or * to list all spells.
Aiming: Magic Dart
Press: ? - help, Shift-Dir - straight line, f/p - gnoll
Aim: a gnoll, wielding a spear (heavily wounded)
The magic dart hits the gnoll.
The gnoll is heavily wounded.
The gnoll closely misses you.
Casting: Magic Dart
Confirm with . or Enter, or press ? or * to list all spells.
Aiming: Magic Dart
Press: ? - help, Shift-Dir - straight line, f/p - gnoll
Aim: a gnoll, wielding a spear (heavily wounded)
The magic dart hits the gnoll.
The gnoll is heavily wounded.
The gnoll hits you with a spear!
* * * LOW HITPOINT WARNING * * *
Damage: 9 (max 9) Unknown command.
The gnoll barely misses you.
Your magical contamination has completely faded away.
There is a stone staircase leading up, spattered with blood here.
The gnoll hits you from afar with a spear.
You die...

#................####.#..##
#####.....###.......## #.#.###
........).####.....## #.....###
.......##>.....##.## ###.#...>
..)................# #..####รท
...................#######.#####.
..#########.....g..........##....
.##..###..##..#...########.##.###
##.##.##.###....@................
#_##)##.##......#.#..........####
###.##.##.##...........##.####
###...#...######..####.##.#
..######### ###.####....# ###
#.....####..# # #.....# #.(# #
#.....# #### # #.....#


You could see a gnoll.

Vanquished Creatures
  3 gnolls (D:3)
  4 adders
  A worm (D:2)
  A giant gecko (D:1)
  4 orcs
  8 bats
  8 giant cockroaches
  8 goblins
  12 hobgoblins
  5 jackals
  6 kobolds
  4 giant newts
  11 rats
75 creatures vanquished.

Vanquished Creatures (collateral kills)
  3 gnolls
  2 adders
5 creatures vanquished.

Grand Total: 80 creatures vanquished

Notes
Turn   | Place    | Note
--------------------------------------------------------------
     0 | D:1      | Gorice the Deep Elf Wanderer began the quest for the Orb.
     0 | D:1      | Gorice set off with: a book of Minor Magic, Sif Muna's Papyrus of the Mountains, Gungidaph's Volume of Aerial Attacks, a +0 robe, a +0 dagger, a bread ration {!e}
     0 | D:1      | Reached XP level 1. HP: 10/10 MP: 7/7
     0 | D:1      | Identified Sif Muna's Papyrus of the Mountains
     0 | D:1      | Identified Gungidaph's Volume of Aerial Attacks
     2 | D:1      | Learned a level 1 spell: Magic Dart
   243 | D:1      | Reached skill level 1 in Conjurations
   605 | D:1      | Reached XP level 2. HP: 15/15 MP: 5/9
   659 | D:1      | Learned a level 2 spell: Repel Missiles
   662 | D:1      | Learned a level 2 spell: Call Imp
  1057 | D:1      | Reached skill level 2 in Conjurations
  1450 | D:1      | Reached skill level 1 in Summonings
  1450 | D:1      | Reached XP level 3. HP: 17/19 MP: 3/11
  1544 | D:2      | Reached skill level 5 in Spellcasting
  1738 | D:2      | Found a glowing golden altar of the Shining One.
  1994 | D:2      | Found a sparkling altar of Nemelex Xobeh.
  2107 | D:2      | Found an iron altar of Okawaru.
  2148 | D:2      | Reached XP level 4. HP: 24/24 MP: 3/13
  2242 | D:2      | Found a deep blue altar of Sif Muna.
  2245 | D:2      | Became a worshipper of Sif Muna the Loreminder
  2591 | D:3      | Reached skill level 3 in Conjurations
  2643 | D:3      | Reached skill level 2 in Summonings
  2777 | D:3      | HP: 7/24 [poisoned by an adder]
  3093 | D:3      | Found a snail-covered altar of Cheibriados.
  3382 | D:3      | Found a shadowy altar of Dithmenos.
  3453 | D:3      | Reached XP level 5. HP: 25/28 MP: 7/14
  3902 | D:3      | Reached skill level 3 in Summonings
  3935 | D:2      | HP: 8/28 [gnoll (8)]
  3941 | D:2      | HP: 6/28 [gnoll (3)]
  4081 | D:3      | HP: 3/28 [gnoll/spear (9)]
  4101 | D:3      | Slain by a gnoll

Vault maps used:
D:1:      dpeg_arrival_three_smaller_balls
D:2:      nemelex_xobeh_ov_fountains_minmay, lemuel_blue_sif_altar, tso_altar,
          lemuel_round_altar
D:3:      marbit_many_paths, grunt_dithmenos_smoke_and_mirrors
D:4:      minmay_temple_entry_statues_fountains, first_bread, uniq_natasha

Action                   |  1- 3 |  4- 6 || total
-------------------------+-------+-------++-------
Melee: Dagger            |    16 |       ||    16
       Rapier            |     1 |     4 ||     5
 Cast: Magic Dart        |   116 |   118 ||   234
       Call Imp          |     4 |     7 ||    11
       Repel Missiles    |     1 |       ||     1
  Use: Scroll            |     5 |     7 ||    12
       Potion            |       |     1 ||     1
  Eat: Chunk             |     4 |     6 ||    10

Table legend:
 A = Turns spent in this place as a percentage of turns spent in the entire game.
 B = Non-inter-level travel turns spent in this place as a percentage of non-inter-level travel turns spent in the entire game.
 C = Inter-level travel turns spent in this place as a percentage of turns spent in this place.
 D = Turns resting spent in this place as a percentage of non-inter-level travel turns spent in this place.
 E = Turns spent auto-exploring this place as a percentage of non-inter-level travel turns spent in this place.
 F = Non-inter-level travel turns spent in this place divided by the number of levels of this place that you've seen.
                   A       B       C       D       E      F
               +-------+-------+-------+-------+-------+----------------------
         Total | 100.0 | 100.0 |   0.6 |   7.9 |   6.6 | 308.8
       Dungeon | 100.0 | 100.0 |   0.6 |   7.9 |   6.6 | 308.8
               +-------+-------+-------+-------+-------+----------------------

Vault maps used:
D:1:      dpeg_arrival_three_smaller_balls
D:2:      nemelex_xobeh_ov_fountains_minmay, lemuel_blue_sif_altar, tso_altar,
          lemuel_round_altar
D:3:      marbit_many_paths, grunt_dithmenos_smoke_and_mirrors
D:4:      minmay_temple_entry_statues_fountains, first_bread, uniq_natasha
